 Dungeon Crawl Stone Soup version 0.23.1 (webtiles) character file.

Game seed: 15239830999981958783

588 Borgoz the Cutter (level 7, -3/58 (60) HPs)
             Began as a Ghoul Monk on Mar 13, 2019.
             Slain by a sky beast (6 damage)
             ... on level 4 of the Dungeon.
             The game lasted 00:07:20 (4771 turns).

Borgoz the Cutter (Ghoul Monk)                      Turns: 4771, Time: 00:07:21

HP:   -3/58 (60)    AC:  4    Str: 15    XL:     7   Next: 38%
MP:   6/6           EV: 13    Int:  5    God:
Gold: 226           SH:  0    Dex: 13    Spells: 6/6 levels left

rFire    . . .     SeeInvis +   b - +2 dagger (freeze)
rCold    + . .     Gourm    .   (no shield)
rNeg     + + +     Faith    .   i - +0 leather armour
rPois    ∞         Spirit   .   d - +0 helmet {SInv}
rElec    .         Reflect  .   (no cloak)
rCorr    .         Harm     .   (no gloves)
MR       .....                  (no boots)
Stlth    ++........             (no amulet)
HPRegen  0.00/turn              (no ring)
MPRegen  0.10/turn              (no ring)

@: rotting
A: rotting body, claws 1, carnivore, cold resistance 1, negative energy
resistance 3, inhibited regeneration, torment resistance, unbreathing
a: no special abilities


You were on level 4 of the Dungeon.
You were not hungry.

You visited 1 branch of the dungeon, and saw 4 of its levels.

You collected 226 gold pieces.

Inventory:

Hand Weapons
 b - a +2 dagger of freezing (weapon)
Armour
 d - a +0 helmet of see invisible (worn)
 i - a +0 leather armour (worn)
Wands
 j - a wand of iceblast (10)
 m - a wand of acid (7)
Scrolls
 a - 3 scrolls of fog
 f - 5 scrolls of identify
 k - 2 scrolls of fear {unknown}
 l - a scroll of blinking {unknown}
 n - a scroll of remove curse
 o - a scroll of random uselessness {unknown}
Potions
 e - a potion of magic
Comestibles
 c - 8 rations


   Skills:
 + Level 4.4 Fighting
 * Level 4.4 Short Blades
 * Level 3.2 Armour
 * Level 4.3 Dodging
 + Level 3.8 Stealth


You had 6 spell levels left.
You didn't know any spells.
Your spell library was empty.

Dungeon Overview and Level Annotations

Branches:
Dungeon (4/15)
 Temple: D:4-7

Altars:
Elyvilon
Gozag
Ru
Wu Jian


Innate Abilities, Weirdness & Mutations

Your body is rotting away.
You thrive on raw meat.
You are immune to poison.
You have sharp fingernails.
You are carnivorous and can eat meat at any time.
Your flesh is cold resistant. (rC+)
You are immune to negative energy. (rN+++)
You do not regenerate when monsters are visible.
You are immune to unholy pain and torment.
You can survive without breathing.


Message History

You hit the sky beast. You freeze the sky beast.
The sky beast is severely wounded.
The sky beast hits you.
* * * LOW HITPOINT WARNING * * *
The sky beast shocks you.
* * * LOW HITPOINT WARNING * * *
Okay, then.
Okay, then.
You see here a whip.
The sky beast flickers out of sight for a moment.
There is an open door here.
You barely miss the sky beast.
The sky beast is severely wounded.
You hit the sky beast. You freeze the sky beast.
The sky beast is severely wounded.
You feel your flesh rotting away. The sky beast hits you.
* * * LOW HITPOINT WARNING * * *
The sky beast shocks you.
You die...

######## #......# ###### ###
#..[...# #....# ..# #......#
#....#
..##############......####....###
...............Y@................
..##########.###......####....###
......<## #.# #......#..........
######..####.###......#..........
#######.##....#########..........
........##....# #..........
.........#....# #..........
.........#....# ##########.
.).......#....# ###### #.


You could see a sky beast.

Vanquished Creatures
  2 ogres
  A water moccasin skeleton (D:4)
  A howler monkey (D:4)
  A hound (D:4)
  2 orc wizards
  A bullfrog skeleton (D:4)
  Jessica (D:2)
  An iguana (D:4)
  3 gnolls (D:3)
  An adder (D:4)
  3 worms (D:2)
  4 dart slugs
  3 leopard geckos (D:1)
  15 orcs
  2 ball pythons
  5 bats
  4 giant cockroaches
  11 goblins
  9 hobgoblins
  7 kobolds
  A quokka (D:3)
  11 frilled lizards
  A quokka skeleton (D:4)
  11 rats
101 creatures vanquished.

Notes
Turn   | Place    | Note
-------+----------+-------------------------------------------
     0 | D:1      | Borgoz the Ghoul Monk began the quest for the Orb.
     0 | D:1      | Reached XP level 1. HP: 19/19 MP: 0/0
   315 | D:1      | Reached XP level 2. HP: 25/26 MP: 1/1
   623 | D:1      | Reached XP level 3. HP: 27/31 MP: 2/2
   780 | D:1      | Reached skill level 1 in Armour
  1494 | D:2      | Found a sacrificial altar of Ru.
  1743 | D:2      | Reached XP level 4. HP: 29/38 MP: 3/3
  1927 | D:2      | Noticed Jessica
  1937 | D:2      | Killed Jessica
  1949 | D:2      | Found a faded altar of an unknown god.
  2191 | D:3      | Reached XP level 5. HP: 26/46 MP: 4/4
  2943 | D:3      | Noticed an ogre
  2955 | D:3      | Killed an ogre
  2955 | D:3      | Reached XP level 6. HP: 46/51 MP: 5/5
  3772 | D:4      | Found a white marble altar of Elyvilon.
  3772 | D:4      | Found an ornate altar of the Wu Jian Council.
  4079 | D:4      | Reached XP level 7. HP: 29/58 MP: 6/6
  4171 | D:4      | Found an opulent altar of Gozag.
  4771 | D:4      | Slain by a sky beast

Skill      XL: |  1  2  3  4  5  6  7 |
---------------+----------------------+-----
Dodging        | 3 4 |  4.3
Short Blades   | 3 4 |  4.4
Armour         | 1 2 3 |  3.2
Fighting       | 4 |  4.4
Stealth        | 3 |  3.8

Action                   |  1- 3 |  4- 6 |  7- 9 || total
-------------------------+-------+-------+-------++-------
Melee: Short sword       |    39 |       |       ||    39
       Dagger            |    84 |   213 |    62 ||   359
  Use: Scroll            |     4 |     2 |     1 ||     7
       Potion            |     3 |     2 |       ||     5
 Stab: Sleeping          |     6 |     3 |     1 ||    10
       Distracted        |       |     1 |       ||     1
  Eat: Chunk             |     4 |    11 |     4 ||    19
Armor: Robe              |     3 |       |       ||     3
       Leather armour    |       |    24 |     8 ||    32
Dodge: Dodged            |    65 |   110 |    42 ||   217
